 Dungeon Crawl Stone Soup version 0.31-a0-1074-g0b22e4e0f1 (webtiles) character file.

Game seed: 10093389393910662164

247 Jeffwins the Changeling (level 5, -4/30 HPs)
             Began as an Armataur Shapeshifter on Nov 26, 2023.
             Was an Initiate of Gozag.
             Killed from afar by Maggie (18 damage)
             ... with a bolt of fire
             ... on level 6 of the Dungeon.
             The game lasted 00:03:46 (3529 turns).

Jeffwins the Changeling (Armataur Shapeshifter)     Turns: 3529, Time: 00:03:46

Health: -4/30      AC: 11    Str: 19    XL:     5   Next: 85%
Magic:  5/5        EV:  8    Int: 13    God:    Gozag
Gold:   154        SH:  0    Dex:  9    Spells: 4/4 levels left

rFire   . .          .
                       - Unarmed
rCold   . . .        (shield currently unavailable)
rNeg    . . .        b - +2 ring mail {rPois}
rPois   +            n - +0 helmet
rElec   .            (no cloak)
rCorr   .            l - +2 pair of gloves
SInv    .            (no barding)
Will    .....        (no amulet) Stlth
                     (no ring)
HPRegen 0.25/turn    (no ring)
MPRegen 0.09/turn

%: roll
@: flux-form, mesmerised, glowing
A: glow, contaminating, reduced hp, large, deformed body, tough skin 3, armoured
tail, roll 1, long tongue
a: Begin Untransformation, Renounce Religion, Potion Petition, Call Merchant,
Bribe Branch


You were on level 6 of the Dungeon.
You worshipped Gozag.
Gozag was aware of your devotion.
You were something dangerously unstable.
You visited 2 branches of the dungeon, and saw 6 of its levels.

You collected 254 gold pieces.
You paid 100 gold pieces to Gozag.


Innate Abilities, Weirdness & Mutations

You are something dangerously unstable.
You glow with magical radiation, making you easy to see and hit.
Foes you strike become dangerously contaminated with magical radiation.
Your maximum health is decreased, since you lack skill for your form.
You are incapable of wielding weapons or throwing items.
Armour fits poorly on your strangely shaped body.
You have extremely tough skin. (AC +3)
You have a long armoured tail.
You roll when moving toward enemies. (Rampage)
Your long tongue fully drains potion bottles. (2x potion effects)


   Skills:
 - Level 0.8 Fighting
 - Level 1.3 Dodging
 - Level 4.0 Unarmed Combat
 * Level 4.9 Shapeshifting


You had 4 spell levels left.
You didn't know any spells.
Your spell library contained the following spells:

 Spells                   Type           Power      Damage    Failure   Level
 Apportation              Tloc           0%         N/A       47%         1
 Necrotise                Necr           0%         1d4       47%         1
 Summon Small Mammal      Summ           0%         N/A       47%         1

Inventory:

Missiles
 r - 2 throwing nets {=f}
 t - 4 datura-tipped darts
Armour
 b - a +2 ring mail of poison resistance (worn)
 l - a +2 pair of gloves (worn)
 n - a +0 helmet (worn)
Talismans
 c - a beast talisman
 d - a flux talisman (active)
Scrolls
 a - a scroll of amnesia {unknown}
 g - 2 scrolls of identify {unknown}
 h - a scroll of butterflies {unknown}
 m - a scroll of immolation {unknown}
 o - 3 scrolls of fog {unknown}
 p - 3 scrolls of teleportation {unknown}
 q - a scroll of noise {unknown}
 s - a scroll of revelation {unknown}
 v - a scroll of enchant weapon {unknown}
Potions
 e - a potion of haste {unknown}
 f - 3 potions of might {unknown}
 i - 2 potions of heal wounds {unknown}
 j - 2 potions of ambrosia {unknown}
 k - 2 potions of curing {unknown}
 u - a potion of mutation {unknown}

Dungeon Overview and Level Annotations

Branches:
Dungeon (6/15)             Temple (1/1) D:6

Altars:
Cheibriados
Elyvilon
Fedhas
Gozag
Hepliaklqana
Kikubaaqudgha
Nemelex Xobeh
Ru
Sif Muna
Trog
Vehumet
Wu Jian
Xom

Annotations:
D:6 Maggie

#......#...
#####..........
#...#..@.......
#..............
#...#..#...###.
##.##..#...#
..##...#..#...#
........@#######
.#.......p...##########
▒▒
#.#.....#....##..##§≈##▒8
#.##...##..........≈§≈#▒.
# ##.####...#....≈§§..'.
#.# ##.###.≈≈§§.≈#▒. #.
#.# ##≈≈≈≈≈##▒8 ## #.#
###§≈## ▒▒ ... #### #.#


You could see Maggie (mesmerising, contam, misshapen).


Message History

Maggie is moderately wounded.
Maggie hits you with a +2 long sword of flaming.
Maggie burns you.
You barely miss Maggie.
Maggie is moderately wounded.
Maggie hits you with a +2 long sword of flaming.
* * * LOW HITPOINT WARNING * * *
Maggie burns you.
* * * LOW HITPOINT WARNING * * *
You are too injured to fight recklessly!
You are too injured to fight recklessly!
Unknown command.
You barely miss Maggie. You tail-slap Maggie.
Maggie is moderately wounded.
Maggie gestures wildly while chanting.
Maggie attempts to bespell you!
You are mesmerised by Maggie!
Unknown command.
You hit Maggie but do no damage.
Maggie begins to glow.
Maggie is moderately wounded.
Maggie says, "Fear not.
I will immortalize you in the tale of my first kill."
Maggie barely misses you.
Unknown command.
You barely miss Maggie.
Maggie is moderately wounded.
Maggie points at you and mumbles some strange words.
The bolt of fire hits you!!
Ouch! That really hurt!
You die...
Your body crumbles into a pile of gold.

Skill      XL: |  1  2  3  4 |
---------------+-------------+-----
Unarmed Combat | 3 4 |  4.0
Shapeshifting  | 3 4 |  4.9
Fighting       | |  0.8
Dodging        | |  1.3

Action                     |  1- 3 |  4- 6 || total
---------------------------+-------+-------++-------
  Melee: Unarmed           |    73 |   163 ||   236
         Tailslap          |    10 |    34 ||    44
    Use: Potion            |     1 |       ||     1
 Armour: Animal skin       |    53 |     4 ||    57
         Skin              |     5 |     1 ||     6
         Ring mail         |       |    91 ||    91
  Dodge: Dodged            |    41 |    57 ||    98
   Form: Flux              |       |     1 ||     1

Levels and vault maps discovered:
D:1:      onia_arrival_pentagram, layout_basic, minmay_fountain_box, st_stairs_2
D:2:      layout_basic, basic_altar, uniq_robin
D:3:      kennysheep_big_flooded_room, layout_loops_corners,
          kennysheep_nondescript
D:4:      layout_basic
D:6:      layout_loops_ring, lemuel_round_altar, minmay_temple_entry_fiery,
          uniq_maggie
Temple:   minmay_temple_bridge_abc

Notes
Turn   | Place    | Note
-------+----------+-------------------------------------------
     0 | D:1      | Jeffwins the Armataur Shapeshifter began the quest for the
                  | Orb.
     0 | D:1      | Reached XP level 1. HP: 15/15 MP: 1/1
   264 | D:1      | Reached skill level 3 in Unarmed Combat
   279 | D:1      | Reached XP level 2. HP: 22/22 MP: 2/2
   285 | D:1      | Reached skill level 3 in Shapeshifting
   943 | D:1      | Reached XP level 3. HP: 27/27 MP: 3/3
  1038 | D:2      | Noticed Robin
  1047 | D:1      | Killed Robin
  1248 | D:1      | HP: 2/27 [gnoll/+0 whip (5)]
  1251 | D:1      | Reached XP level 4. HP: 3/34 MP: 4/4
  1567 | D:2      | Found a hazy altar of Hepliaklqana.
  2131 | D:3      | Reached skill level 4 in Unarmed Combat
  2298 | D:3      | Reached skill level 4 in Shapeshifting
  2927 | D:3      | Reached XP level 5. HP: 27/39 MP: 5/5
  3370 | D:4      | You fall into a shaft and drop 2 floors!
  3392 | D:6      | Found a staircase to the Ecumenical Temple.
  3404 | Temple   | Entered the Ecumenical Temple
  3441 | Temple   | Became a worshipper of Gozag Ym Sagoz the Greedy
  3507 | D:6      | Noticed Maggie
  3529 | D:6      | Killed from afar by Maggie

Vanquished Creatures
  A hound (D:4)
  A sleepcap (D:6)
  6 gnolls
  Robin (D:1)
  2 adders
  3 worms
  A dart slug (D:2)
  4 orcs (D:3)
  7 ball pythons
  11 endoplasms
  2 giant cockroaches
  16 goblins
  7 hobgoblins
  5 jackals
  4 kobolds
  6 quokkas
  A bat (D:3)
  2 frilled lizards (D:1)
  4 rats
84 creatures vanquished.

Table legend: (Time is in decaauts)
 A = Elapsed time spent in this place.
 B = Non-inter-level travel time spent in this place.
 C = Inter-level travel time spent in this place.
 D = Time resting spent in this place.
 E = Time spent auto-exploring this place.
 F = Levels seen in this place.
 G = Mean time per level.
                   A        B        C        D        E       F      G
               +--------+--------+--------+--------+--------+-----+--------+
         Total |   3519 |   3347 |    172 |    418 |   2368 |   6 |  586.5 |
       Dungeon |   3444 |   3344 |    100 |    418 |   2368 |   5 |  688.8 |
        Temple |     74 |      2 |     72 |      0 |      0 |   1 |   74.0 |
               +--------+--------+--------+--------+--------+-----+--------+

Top non-repeatable levels by time:
     D:1: 1389 daAuts
     D:3: 984 daAuts
     D:2: 735 daAuts
     D:4: 251 daAuts
     D:6: 83 daAuts
  Temple: 74 daAuts

Table legend:
 A = Non-vault XP
 B = Vault XP
 C = Vault XP percentage of total XP
 D = Non-vault monster count
 E = Vault monster count
 F = Vault count percentage of total count
                 A         B        C        D         E       F
            +---------+---------+-------+---------+---------+-------
      Total |     310 |      44 |  12.4 |      67 |      17 |  20.2
            +---------+---------+-------+---------+---------+-------
        D:1 |      64 |      37 |  36.6 |      21 |      14 |  40.0
        D:2 |      53 |       2 |   3.6 |      20 |       1 |   4.8
        D:3 |      65 |       5 |   7.1 |      18 |       2 |  10.0
        D:4 |      89 |       0 |   0.0 |       7 |       0 |   0.0
        D:6 |      39 |       0 |   0.0 |       1 |       0 |   0.0
            +---------+---------+-------+---------+---------+-------
